Map: Lightshade LE

Players

Eleven

  • Race: Zerg Zerg
  • League: Diamond

BitterSweet - Winner!

  • Race: Terran Terran
  • League: Diamond

VOD

Have the link to the VOD?

Description

Time

  • Played on: Sept. 5, 2021, 7:46 a.m.
  • Length: 7:32
Show
View Real Time Build Order
Export as new Build Order

Eleven Zerg 

Build Orders: Hatch First 

Get SALT Encoding   

  12  0:01  Drone  
  13  0:13  Overlord  
  13  0:18  Drone  
  14  0:33  Drone  
  14  0:34  Drone  
  16  0:39  Drone  
  17  0:54  Hatchery  
  16  0:59  Drone  
  16  1:00  Drone  
  18  1:15  Extractor  
  17  1:22  Drone x2  
  17  1:23  Spawning Pool  
  18  1:29  Drone  
  19  1:47  Drone  
  19  1:53  Drone  
  21  2:09  Queen x2  
  21  2:11  Zergling x4  
  27  2:20  Hatchery  
  26  2:23  Drone  
  26  2:27  Drone  
  28  2:35  Overlord  
  28  2:38  Metabolic Boost  
  28  2:55  Drone x4  
  28  2:57  Overlord, Queen  
  34  3:03  Drone  
  35  3:08  Drone  
  35  3:09  Overlord  
  36  3:21  Drone  
  36  3:22  Drone  
  38  3:28  Overlord  
  38  3:30  Drone x3  
  41  3:35  Queen  
  43  3:45  Drone  
  43  3:46  Drone x4  
  47  4:03  Drone x4, Baneling Nest  
  50  4:12  Overlord  
  50  4:13  Overlord  
  50  4:18  Drone x3  
  50  4:19  Queen  
  55  4:24  Drone  
  55  4:27  Drone  
  57  4:34  Zergling x8  
  57  4:37  Zergling x10  
  66  4:40  Lair  
  66  4:41  Zergling x2  
  67  4:47  Zergling x2  
  67  4:48  Zergling x4  
  67  4:49  Zergling x2  
  67  4:51  Overlord  
  71  4:57  Overlord  
  71  5:06  Overlord x2  
  71  5:09  Queen  
  71  5:13  Baneling x2  
  73  5:18  Drone x8  
  81  5:26  Drone  
  81  5:27  Drone  
  81  5:46  Extractor x2  
  81  5:48  Drone x4  
  81  5:49  Overlord x2  
  83  5:50  Overlord  
  83  5:51  Centrifical Hooks  
  83  5:52  Extractor  
  83  5:53  Extractor  
  83  5:55  Hatchery  
  83  5:56  Drone, Evolution Chamber  
  83  5:57  Drone x2, Evolution Chamber  
  82  6:01  Extractor  
  80  6:04  Hatchery  
  79  6:13  Zergling x2  
  79  6:14  Drone x3  
  79  6:15  Drone x3  
  79  6:16  Baneling x3  
  71  6:35  Spore Crawler  
  46  6:42  Zergling x8  
  46  6:43  Zergling x4  
  37  6:54  Spore Crawler  
  36  6:56  Zergling x8  
  36  7:00  Roach Warren  
  39  7:03  Baneling  
  39  7:04  Baneling x7  
  21  7:11  Zergling x2  
Show
View Real Time Build Order
Export as new Build Order

BitterSweet Terran - Winner!

Build Orders: Reaper Expand 

Get SALT Encoding   

  12  0:00  SCV  
  13  0:13  SCV  
  14  0:17  Supply Depot  
  14  0:25  SCV  
  15  0:39  SCV  
  15  0:40  Barracks  
  16  0:45  Refinery  
  16  0:51  SCV  
  17  1:03  SCV  
  18  1:15  SCV  
  19  1:28  Reaper, Orbital Command  
  20  1:41  Command Center  
  20  1:52  Barracks  
  20  1:55  SCV  
  21  2:02  Refinery  
  21  2:04  Barracks Reactor  
  21  2:08  SCV  
  22  2:21  Supply Depot  
  22  2:27  SCV, Factory  
  23  2:41  Barracks Tech Lab  
  23  2:42  SCV, Marine x2  
  26  2:54  SCV  
  26  2:55  Orbital Command  
  27  3:01  Stimpack  
  27  3:04  Marine  
  28  3:06  Marine  
  28  3:10  SCV  
  30  3:20  Starport  
  30  3:22  SCV  
  30  3:23  Factory Reactor  
  31  3:27  SCV  
  31  3:31  Marine x2  
  34  3:39  Engineering Bay  
  34  3:46  SCV  
  34  3:52  SCV, Marine x2  
  36  4:05  Terran Infantry Weapons Level 1  
  36  4:07  Medivac, Supply Depot  
  36  4:08  Hellion  
  36  4:09  Supply Depot  
  40  4:10  SCV x2  
  42  4:20  Armory  
  42  4:21  Marine  
  42  4:22  SCV  
  42  4:23  Marine  
  45  4:26  SCV  
  45  4:29  Hellion  
  48  4:32  Hellion  
  48  4:36  Supply Depot  
  48  4:37  SCV  
  51  4:40  SCV  
  51  4:43  Combat Shield  
  52  4:47  Marine  
  52  4:48  Marine  
  52  4:49  SCV  
  55  5:01  SCV  
  55  5:02  Hellion x2, Liberator  
  55  5:03  SCV  
  55  5:04  Marine  
  65  5:09  Marine x2  
  65  5:11  Supply Depot  
  65  5:13  SCV  
  68  5:15  SCV  
  69  5:21  Supply Depot  
  69  5:25  SCV  
  70  5:33  Hellion x2  
  74  5:39  SCV  
  74  5:40  Marine x3  
  74  5:41  Command Center  
  78  5:44  SCV  
  79  6:00  SCV  
  79  6:03  Starport Reactor, Barracks  
  80  6:06  Barracks  
  80  6:07  Barracks  
  80  6:09  Factory  
  80  6:13  Factory Tech Lab  
  80  6:18  SCV  
  81  6:26  Barracks x2  
  76  6:45  SCV  
  71  6:51  Engineering Bay  
  71  6:52  Refinery  
  71  6:53  Refinery  
  71  6:56  Command Center  
  71  7:09  SCV  
  71  7:11  Widow Mine  
  71  7:14  SCV  
  79  7:19  Barracks Reactor x3  
  79  7:20  Barracks Reactor  
  74  7:24  Barracks, Barracks Tech Lab  
Tags
 
Add a new tag
Caveats
  • Supply blocks, unpowered buildings, or Contaminate may cause inaccurate times.
  • Supply counts are checked every 10 seconds.